 Dungeon Crawl Stone Soup version 0.30.0-5-g1a98f26d00 (webtiles) character file.

Game seed: 5339457333641619937

76 buriedalive the Chiller (level 4, 0/24 HPs)
             Began as a Deep Elf Ice Elementalist on May 8, 2023.
             Slain by a gnoll
             ... wielding a +0 spear
              (3 damage)
             ... on level 3 of the Dungeon.
             The game lasted 00:04:27 (2074 turns).

buriedalive the Chiller (Deep Elf Ice Elementalist) Turns: 2074, Time: 00:04:27

Health: 0/24       AC:  3    Str:  5    XL:     4   Next: 12%
Magic:  10/12      EV: 13    Int: 22    God:
Gold:   112        SH:  0    Dex: 15    Spells: 10/11 levels left

rFire   . . .        e - +1 whip (vamp)
rCold   . . .        (no shield)
rNeg    . . .        a - +0 robe
rPois   .            j - +0 helmet
rElec   .            (no cloak)
rCorr   .            (no gloves)
SInv    .            (no boots)
Will    .....        (no amulet)
Stlth   ++           (no ring)
HPRegen 0.24/turn    (no ring)
MPRegen 0.13/turn

%: no passive effects
@: attractive
A: no striking features
a: no special abilities


You were on level 3 of the Dungeon.
You visited 1 branch of the dungeon, and saw 3 of its levels.

You collected 112 gold pieces.

Inventory:

Hand Weapons
 c - a +0 dagger
 e - a +1 vampiric whip (weapon)
Missiles
 m - 10 stones
Armour
 a - a +0 robe (worn)
 j - a +0 helmet (worn)
Jewellery
 n - a ring of protection from fire
Scrolls
 f - 2 scrolls of poison {unknown}
 g - a scroll of enchant weapon {unknown}
 l - 2 scrolls of identify {unknown}
 o - a scroll of summoning {unknown}
 p - 2 scrolls of acquirement {unknown}
Potions
 b - 2 potions of magic
 d - a potion of attraction
 h - a potion of heal wounds {unknown}
 i - a potion of berserk rage {unknown}
 k - 3 potions of brilliance {unknown}


   Skills:
 + Level 3.6 Dodging
 - Level 2.4 Stealth
 + Level 4.2 Spellcasting
 + Level 5.1 Ice Magic


You had 10 spell levels left.
You knew the following spells:

 Your Spells              Type           Power      Damage    Failure   Level
a - Freeze                Ice            100%       1d10      1%          1

Your spell library contained the following spells:

 Spells                   Type           Power      Damage    Failure   Level
 Frozen Ramparts          Ice            54%        1d9       4%          3
 Ozocubu's Armour         Ice            27%        N/A       4%          3
 Magic Dart               Conj           16%        1d3       11%         1
 Necrotise                Necr           16%        1d4       11%         1
 Call Imp                 Summ           8%         N/A       17%         2
 Mephitic Cloud           Conj/Pois/Air  4%         N/A       32%         3
 Vampiric Draining        Necr           4%         2d6       32%         3
 Summon Ice Beast         Ice/Summ       15%        N/A       36%         4
 Agony                    Necr           4%         N/A       97%         5


Dungeon Overview and Level Annotations

Branches:
Dungeon (3/15)

Altars:
Zin

Shops:
D:1 *   D:2 [


Message History

Confirm with . or Enter, or press ? or * to list all spells.
You don't know that spell.
You hit the gnoll.
The gnoll is moderately wounded.
The gnoll misses you.
The gnoll hits you from afar with a +0 spear.
You hit the gnoll.
You feel better.
The gnoll is heavily wounded.
The gnoll misses you.
The gnoll hits you from afar with a +0 spear!
You closely miss the gnoll.
The gnoll is heavily wounded.
The gnoll misses you. The gnoll barely misses you.
You hit the gnoll.
You feel better.
The gnoll is severely wounded.
The gnoll closely misses you. The gnoll misses you.
You hit the gnoll.
You feel better.
The gnoll is severely wounded.
The gnoll barely misses you. The gnoll closely misses you.
You barely miss the gnoll.
The gnoll is severely wounded.
The gnoll hits you with a +0 whip.
The gnoll hits you from afar with a +0 spear.
* * * LOW HITPOINT WARNING * * *
The gnoll misses you. x2
Casting: Freeze (safe; 1% risk of failure)
Confirm with . or Enter, or press ? or * to list all spells.
Aiming: Freeze (safe; 1% risk of failure)
Press: ? - help, Shift-Dir - straight line, f - gnoll
Aim: a gnoll, wielding a +0 whip (severely wounded)
You freeze the gnoll!
You kill the gnoll!
The gnoll barely misses you.
You have reached level 4!
You feel clever.
It was a potion of attraction.
You feel attractive to monsters. The gnoll misses you.
The gnoll hits you from afar with a +0 spear.
You die...

#..## ..###.###.
##...####.........####.<.##.
#.......+.........+.........
#....####.....g...####...##.
#.#.## ....... #.......
#.### ...g. #.###### #.#
#####..g #. #.# ##...##'# #.
#.# ###.###@#.# #. #.# #.†##
##gg# #.###.## ##.###
#.....# #...# #####.##
##...#####.# #..##
##..........#
#..<###...#########
####...#### #####


You could see 2 gnolls.

Vanquished Creatures
  A gnoll (D:3)
  An adder (D:2)
  A dart slug (D:2)
  7 bats
  An endoplasm (D:2)
  A giant cockroach (D:1)
  9 hobgoblins
  6 quokkas
  8 ball pythons
  3 frilled lizards
  5 goblins
  5 kobolds
  4 rats
52 creatures vanquished.

Notes
Turn   | Place    | Note
-------+----------+-------------------------------------------
     0 | D:1      | buriedalive the Deep Elf Ice Elementalist began the quest
                  | for the Orb.
     0 | D:1      | Reached XP level 1. HP: 10/10 MP: 6/6
   196 | D:1      | Found Xoerun's Assorted Antiques.
   206 | D:1      | Reached XP level 2. HP: 15/15 MP: 4/8
   523 | D:1      | Reached XP level 3. HP: 12/19 MP: 10/10
  1025 | D:2      | Found a glowing silver altar of Zin.
  1431 | D:2      | Reached skill level 5 in Ice Magic
  1491 | D:2      | Found Imojop's Antique Armour Boutique.
  2074 | D:3      | Reached XP level 4. HP: 3/24 MP: 10/12
  2074 | D:3      | Slain by a gnoll

Illustrated notes

Levels and vault maps discovered:
D:1:      dpeg_arrival_boxorama, layout_rooms, serial_shops,
          nicolae_shop_waterfront, st_stairs_9
D:2:      minmay_door_path, layout_basic, basic_altar, serial_shops, shop,
          kennysheep_generic_room_10
D:3:      layout_loops_corners, nicolae_ashenzari_skybound,
          minmay_gold_behind_fungi

Skill      XL: |  1  2  3 |
---------------+----------+-----
Dodging        | 3 |  3.6
Spellcasting   | 4 |  4.2
Ice Magic      | 5 |  5.1
Stealth        | |  2.4

Action                     |  1- 3 |  4- 6 || total
---------------------------+-------+-------++-------
  Melee: Dagger            |    10 |       ||    10
         Whip              |   104 |       ||   104
   Cast: Freeze            |    37 |       ||    37
    Use: Potion            |       |     1 ||     1
   Stab: Sleeping          |     6 |       ||     6
 Armour: Robe              |    33 |       ||    33
  Dodge: Dodged            |   109 |     1 ||   110
